 Dungeon Crawl Stone Soup version 0.31.0-12-g77e489cdc1 (webtiles) character file.

Game seed: 15197489739693210838

53 KKCryptic the Poker (level 3, -1/27 HPs)
             Began as a Demonspawn Gladiator on Feb 12, 2024.
             Slain by a gnoll
             ... wielding a +0 halberd
              (6 damage)
             ... on level 2 of the Dungeon.
             The game lasted 00:05:22 (830 turns).

KKCryptic the Poker (Demonspawn Gladiator)           Turns: 830, Time: 00:05:22

Health: -1/27      AC: 13    Str: 16    XL:     3   Next: 64%
Magic:  3/3        EV:  5    Int:  8    God:
Gold:   51         SH:  0    Dex: 14    Spells: 2/2 levels left

rFire   . . .        a - +0 trident
rCold   . . .        b - +0 kite shield
rNeg    . . .        f - +0 ring mail
rPois   .            i - +1 helmet
rElec   .            (no cloak)
rCorr   .            (no gloves)
SInv    .            (no boots)
Will    .....        (no amulet)
Stlth   +            (no ring)
HPRegen 0.24/turn    (no ring)
MPRegen 0.08/turn

%: no passive effects
@: mighty, lethally poisoned (-1 -> -2), sanguine armoured, held
A: sanguine armour 1
a: no special abilities


You were on level 2 of the Dungeon.
You visited 1 branch of the dungeon, and saw 2 of its levels.

You collected 51 gold pieces.

Inventory:

Hand Weapons
 a - a +0 trident (weapon)
Missiles
 d - 2 throwing nets
 e - a javelin (quivered)
Armour
 b - a +0 kite shield (worn)
 c - a +0 helmet
 f - a +0 ring mail (worn)
 i - a +1 helmet (worn)
Potions
 h - a potion of might


   Skills:
 - Level 2.0 Fighting
 * Level 3.6 Polearms
 + Level 2.4 Throwing
 - Level 2.6 Dodging
 + Level 1.0 Shields


You had 2 spell levels left.
You didn't know any spells.
Your spell library was empty.

Dungeon Overview and Level Annotations

Branches:
Dungeon (2/15)

Altars:

Shops:
D:1 (=


Innate Abilities, Weirdness & Mutations

When seriously injured, your blood forms armour. (AC +6)


Message History

You barely miss the adder.
The adder is almost dead.
The ribbon worm closely misses you. The adder bites you but does no damage.
The kobold closely misses you. You block the gnoll's attack.
The rat barely misses you. The kobold barely misses you.
You miss the adder.
The adder is severely wounded.
The adder bites you but does no damage. The kobold hits you but does no damage.
The gnoll hits you from afar with a +0 halberd.
The rat closely misses you. The ribbon worm barely misses you.
You block the kobold's attack. The adder barely misses you.
You closely miss the adder.
The adder is severely wounded.
The kobold closely misses you. The gnoll barely misses you.
The rat bites you but does no damage. The adder closely misses you.
The kobold hits you with a +0 short sword.
You block the ribbon worm's attack. You block the gnoll's attack.
You block the kobold's attack. The kobold hits you but does no damage.
The adder bites you.
You are poisoned.
The adder poisons you!
The rat twitches its whiskers.
The rat bites you but does no damage.
As you read the scroll labelled MAPLIME RYPH, it crumbles to dust.
It is a scroll of amnesia.
You feel forgetful for a moment.
You feel sick.
Your butterfly disappears in a burst of colours!
The ribbon worm barely misses you. The adder completely misses you.
The kobold hits you but does no damage. You block the gnoll's attack.
The kobold closely misses you. You block the rat's attack.
You puncture the adder!
You kill the adder!
You feel sick.
The ribbon worm expels a string of sticky webbing.
The stream of webbing hits you but does no damage.
You are caught in a web!
The kobold hits you with a +0 short sword.
* * * LOW HITPOINT WARNING * * *
The gnoll hits you from afar with a +0 halberd.
You die...

.... ...
#.#.# #.#
......K$.
#.#.#.#.#
........
#$#.#.#.###+#
...?.b.bg...#
.#.#.#g#wK.#
#...gJr@.#
####.#K.†.#
#.#.#...#
..#.#.#.#
..##b#.#...
... #.#.# #..
.... #≈~≈#
... ..≈ ≈≈ ≈≈
.#


You could see a ribbon worm (catching breath), 3 gnolls, an endoplasm, 2 kobolds
and a rat (ally target).

Vanquished Creatures
  An adder (D:2)
  2 gnolls
  A dart slug (D:1)
  4 ball pythons
  An endoplasm (D:1)
  4 goblins (D:1)
  2 hobgoblins (D:1)
  4 jackals (D:1)
  4 kobolds (D:1)
  2 bats (D:1)
  4 frilled lizards (D:1)
  4 rats (D:1)
33 creatures vanquished.

Notes
Turn   | Place    | Note
-------+----------+-------------------------------------------
     0 | D:1      | KKCryptic the Demonspawn Gladiator began the quest for the
                  | Orb.
     0 | D:1      | Reached XP level 1. HP: 16/16 MP: 1/1
   180 | D:1      | Reached skill level 3 in Polearms
   180 | D:1      | Gained mutation: When seriously injured, your blood forms
                  | armour. (AC +6) [demonic ancestry]
   180 | D:1      | Reached XP level 2. HP: 22/22 MP: 2/2
   270 | D:1      | Reached XP level 3. HP: 25/27 MP: 3/3
   321 | D:1      | Found Gicaemu's Jewellery Shop.
   566 | D:1      | Found Ochuw's Weapon Shop.
   821 | D:2      | Reached skill level 1 in Shields
   830 | D:2      | Slain by a gnoll

Illustrated notes

Levels and vault maps discovered:
D:1:      dpeg_arrival_line_fractal, layout_loops_ring, serial_shops,
          nicolae_shop_bloodbath_and_beyond, shop, st_stairs_13
D:2:      layout_basic, nicolae_ecumenical_lake_church, serial_aquarium,
          aquarium_bridge_square [aquarium_subvault_bridge,
          aquarium_subvault_window, aquarium_subvault_wall,
          aquarium_subvault_wall], aquarium_window_2, aquarium_window_1,
          aquarium_window_corner, aquarium_view_2c, aquarium_pool_five,
          st_stairs_11, kennysheep_cross_bottleneck, uniq_sigmund

Skill      XL: |  1  2  3 |
---------------+----------+-----
Throwing       | 2 |  2.4
Polearms       | 3 |  3.6
Shields        | 1 |  1.0
Fighting       | |  2.0
Dodging        | |  2.6

Action                     || total
---------------------------++-------
  Melee: Trident           ||   110
  Throw: Javelin           ||     8
         Throwing net      ||     2
    Use: Scroll            ||     2
         Potion            ||     1
 Armour: Ring mail         ||    65
  Dodge: Dodged            ||    53
  Block: Kite shield       ||    41
